 Dungeon Crawl Stone Soup version 0.29-a0-723-gce39da1c22 (webtiles) character file.

Game seed: 15744399671945449701

115998 dolemite99 the Bludgeoner (level 16, -8/123 HPs)
             Began as a Demonspawn Artificer on June 28, 2022.
             Was a Priest of Fedhas.
             Killed by an exploding ballistomycete spore (18 damage)
             ... on level 1 of the Shoals.
             The game lasted 01:13:13 (37772 turns).

dolemite99 the Bludgeoner (Demonspawn Artificer)   Turns: 37772, Time: 01:13:14

Health: -8/123     AC: 33    Str: 15    XL:     16   Next: 19%
Magic:  0/26       EV: 34    Int: 17    God:    Fedhas [***...]
Gold:   506        SH:  0    Dex: 22    Spells: 17/20 levels left

rFire   + . .      SeeInvis .   b - +3 war axe of Intimidation {vamp, Int+5 Dex+2}
rCold   + . .      Faith    .   o - +0 buckler
rNeg    . . .      Spirit   +   J - +10 ring mail of the Six Moons {rF+ rC+}
rPois   +          Reflect  .   I - +1 helmet
rElec   .          Harm     .   (no cloak)
rCorr   .          Rampage  .   V - +1 pair of gloves
Will    +....                   u - +1 pair of boots
Stlth   ..........              m - amulet of the acrobat
HPRegen 0.30/turn               c - +4 ring of evasion {=R}
MPRegen 0.40/turn               f - ring of poison resistance

@: confused, marked, sanguine armoured, acrobatic, mesmerised, studying Short
Blades
A: magic shield, magic regeneration, sanguine armour 2, demonic magic 2,
weakness stinger 2
a: Renounce Religion, Wall of Briars, Grow Ballistomycete


You were on level 1 of the Shoals.
You worshipped Fedhas.
Fedhas was most pleased with you.
You visited 4 branches of the dungeon, and saw 24 of its levels.
You also visited: Volcano.

You collected 2348 gold pieces.
You spent 1842 gold pieces at shops.

Inventory:

Hand Weapons
 a - a +0 demon whip of venom
 b - the +3 war axe of Intimidation (weapon) {vamp, Int+5 Dex+2}
   (You found it on level 5 of the Lair of Beasts)

   It occasionally heals its wielder for a portion of the damage dealt when it
   wounds a living foe.
   Int:       It affects your intelligence (+5).
   Dex:       It affects your dexterity (+2).
 K - the +6 mace of Karma {spect, Fly Str+4 Int-3}
   (You took it off a goblin on level 2 of the Dungeon)

   When its wielder attacks, the weapon's spirit leaps out and strikes again.
   The spirit shares a part of any damage it takes with its wielder.
   Str:       It affects your strength (+4).
   Int:       It affects your intelligence (-3).
   Fly:       It grants you flight.
 W - a +1 longbow of flaming
 Y - a +2 morningstar of flaming
Missiles
 s - 7 throwing nets
 w - 3 javelins
 x - 23 poisoned darts (quivered)
 y - 9 atropa-tipped darts
Armour
 o - a +0 buckler (worn)
 u - a +1 pair of boots (worn)
 I - a +1 helmet (worn)
 J - the +10 ring mail of the Six Moons (worn) {rF+ rC+}
   (You acquired it on level 9 of the Dungeon)

   rF:        It protects you from fire.
   rC:        It protects you from cold.
 V - a +1 pair of gloves (worn)
Magical Staves
 q - a staff of poison
 E - a staff of fire
 O - a staff of cold
Jewellery
 c - a +4 ring of evasion (left hand) {=R}
 f - a ring of poison resistance (right hand)
 m - an amulet of the acrobat (around neck)
 A - a ring of willpower
 F - an amulet of reflection
 T - a ring of flight
 U - a ring of resist corrosion
Wands
 g - a wand of polymorph (1)
 P - a wand of digging (7)
Scrolls
 e - 3 scrolls of noise
 i - a scroll of brand weapon
 k - 11 scrolls of teleportation
 n - a scroll of vulnerability
 p - a scroll of blinking
 r - 8 scrolls of identify {@r1}
 v - 5 scrolls of immolation
 H - a scroll of poison
Potions
 d - a potion of haste
 h - 4 potions of cancellation
 j - 2 potions of resistance
 z - 3 potions of attraction
 C - 3 potions of brilliance
 L - 3 potions of berserk rage
 Q - a potion of ambrosia
 R - 3 potions of lignification
Miscellaneous
 l - a lightning rod (3/4)
 S - a tin of tremorstones (1/2)


   Skills:
 - Level 10.4 Fighting
 - Level 8.5(13.0) Axes
 - Level 15.3(16.1) Maces & Flails
 - Level 2.5 Ranged Weapons
 - Level 4.0 Throwing
 - Level 8.9 Armour
 - Level 7.3 Dodging
 - Level 0.8 Stealth
 - Level 4.0 Shields
 + Level 2.5 Spellcasting
 - Level 5.0 Conjurations
 - Level 8.5 Hexes
 - Level 14.1 Invocations
 - Level 9.7 Evocations


You had 17 spell levels left.
You knew the following spells:

 Your Spells              Type           Power      Damage    Failure   Level
a - Dazzling Flash        Conj/Hex       50%        N/A       8%          3

Your spell library contained the following spells:

 Spells                   Type           Power      Damage    Failure   Level
 Freeze                   Ice            8%         1d3       38%         1
 Anguish                  Hex/Necr       8%         N/A       56%         4
 Frozen Ramparts          Ice            4%         1d2       77%         3
 Gell's Gravitas          Tloc           2%         N/A       77%         3
 Lesser Beckoning         Tloc           2%         N/A       77%         3
 Ozocubu's Armour         Ice            2%         N/A       77%         3
 Teleport Other           Tloc           2%         N/A       77%         3
 Hailstorm                Conj/Ice       10%        3d5       83%         4
 Iskenderun's Mystic Bla  Conj/Tloc      10%        2d4       83%         4
 Metabolic Englaciation   Hex/Ice        8%         N/A       89%         5
 Petrify                  Tmut/Erth      2%         N/A       99%         4
 Simulacrum               Ice/Necr       1%         N/A       100%        6
 Starburst                Conj/Fire      5%         6d4       100%        6
 Statue Form              Tmut/Erth      1%         N/A       100%        6
 Enfeeble                 Hex            15%        N/A       100%        7
 Ozocubu's Refrigeration  Ice            1%         4d5       100%        7


Dungeon Overview and Level Annotations

Branches:
Dungeon (15/15)            Temple (0/1) D:5            Lair (6/6) D:11
 Shoals (1/4) Lair:3       Spider (0/4) Lair:4        Slime (0/5) Lair:5
    Orc (2/2) D:9             Elf (0/3) Orc:2        Vaults (0/5) D:13
 Depths (0/4) D:15        Volcano (visited)

Altars:
Ashenzari
Cheibriados
Elyvilon
Fedhas
Hepliaklqana
Makhleb
Nemelex Xobeh
Okawaru
Qazlal
Sif Muna
Xom
Yredelemnul
Beogh

Shops:
D:2 :   Orc:2 *[*(=

Annotations:
D:4 3 runed translucent doors, chrisa4242's ghost, amateur GrMo
D:9 3 runed translucent doors, HuGe's ghost, novice MiBe


Innate Abilities, Weirdness & Mutations

When hurt, damage is shared between your health and your magic reserves.
You regenerate magic rapidly.
When seriously injured, your blood forms thick armour. (AC +9)
Spells you cast may paralyse nearby enemies.
You have a tail ending in a sharp stinger.


Message History

The merfolk siren chants its luring song.
The sea snake completely misses you.
A ballistomycete spore comes into view.
The merfolk aquamancer mumbles some strange words.
The merfolk aquamancer blinks!
The merfolk hits you from afar with a +0 trident.
The merfolk siren chants its luring song. x2
The merfolk completely misses your ballistomycete.
The sea snake completely misses you. The manticore bites your briar patch.
The manticore claws your briar patch but does no damage.
The manticore claws your briar patch.
Your ballistomycete spore explodes!
Fedhas protects your plant from harm. x5
The merfolk barely misses you. The sea snake completely misses you.
The merfolk siren chants its luring song. x2
The merfolk hits your ballistomycete with a +0 trident!!
Your ballistomycete spore explodes!
Fedhas protects your plant from harm.
The sea snake appears confused.
The explosion of spores engulfs the sea snake!!
The sea snake is severely wounded.
Fedhas protects your plant from harm. The explosion of spores engulfs you!!!
You are more confused.
* * * LOW HITPOINT WARNING * * *
Fedhas protects your plant from harm.
The manticore is struck by your briar patch's thorns.
The manticore bites your briar patch.
The manticore claws your briar patch. x2
Your briar patch is destroyed!
Your briar patch disappears in a puff of smoke!
Your ballistomycete spore explodes!
Fedhas protects your plant from harm.
The sea snake appears confused.
The explosion of spores engulfs the sea snake!!!
You kill the sea snake!
Fedhas appreciates your contribution to the ecosystem.
The explosion of spores engulfs you!!
You are more confused.
You die...
Fedhas appreciates your contribution to the ecosystem.

#. #..≈≈≈≈≈.≈
..###...≈m(..
>...........##
.m≈≈.)...≈...
#.≈≈....≈≈..
#.≈≈m..m≈m# .#
.|..EmP)P##.#
..≈≈≈≈§P*...##
...m.HP@PP≈..#
#.....††$.≈≈..#
#......††))≈≈..
.....###...≈.##
...≈. .....#
.≈.. ≈....#
.... .$.≈.H#
..≈ .≈≈≈≈..


You could see a merfolk aquamancer, 3 merfolk, a manticore, a water elemental, 3
merfolk sirens, a harpy, 3 friendly ballistomycetes and a friendly
ballistomycete spore.

Vanquished Creatures
  Rupert (Orc:2)
  An orc warlord (Orc:2)
  Nessos (Lair:4)
  Josephine (D:14)
  2 boulder beetles
  Harold (Lair:2)
  8 vault guards
  7 hydras
  4 centaur warriors
  4 catoblepae
  An ogre mage (D:15)
  A dancing weapon (D:8)
  5 two-headed ogres
  8 death yaks (Lair:6)
  4 orc high priests (Orc:2)
  Sonja (D:13)
  The ghost of valliere the Cleaver, a novice HOMo (D:8)
  Nergalle (Lair:3)
  A goliath frog (shapeshifter) (D:15)
  2 sea snakes (Shoals:1)
  Amaemon (D:9)
  Pikel (D:7)
  2 lindwurms
  5 orc knights
  5 harpies (Shoals:1)
  A wolf spider (D:15)
  A deep elf pyromancer (D:13)
  3 orc sorcerers (Orc:2)
  11 ugly things
  5 cyclopes
  A black mamba (shapeshifter) (D:15)
  7 manticores
  5 black mambas
  A toenail golem (Volcano)
  23 elephants
  14 cane toads
  2 molten gargoyles (Volcano)
  2 gargoyles
  Maggie (D:7)
  2 rime drakes
  5 kobold demonologists
  7 komodo dragons
  6 efreet
  A tengu conjurer (D:14)
  3 meliai (D:13)
  3 merfolk
  3 polar bears
  Grinder (D:5)
  9 trolls
  A wind drake (Shoals:1)
  Prince Ribbit (D:5)
  3 hornets
  13 slime creatures
  3 snapping turtles
  12 blink frogs
  4 hogs (D:15)
  2 shadows
  6 wyverns
  74 yaks
  5 wraiths
  2 basilisks
  5 fire elementals (Volcano)
  2 vampires
  Grum (D:9)
  3 redbacks (Lair:4)
  2 steam dragons
  10 vampire mosquitoes
  Menkaure (D:5)
  2 wargs (Orc:1)
  2 acid dragons
  13 water moccasins
  An ice beast (D:5)
  25 orc warriors
  2 sky beasts
  17 wolves
  9 centaurs
  7 ogres
  3 phantoms
  7 kobold brigands
  A lemure (D:7)
  14 bullfrogs
  A gnoll sergeant (D:8)
  5 necrophages
  8 scorpions
  3 earth elementals (Volcano)
  8 wights
  14 killer bees
  A howler monkey (D:6)
  6 electric eels
  A crimson imp (D:9)
  A gnoll shaman (D:7)
  3 hounds
  23 orc priests
  9 jellies
  Jessica (D:15)
  2 iguanas
  Ijyb (D:4)
  26 orc wizards
  4 hell rats (Lair:2)
  11 gnolls
  7 adders
  3 white imps
  An ufetubus (D:6)
  3 worms (D:2)
  5 dart slugs
  56 orcs
  14 endoplasms
  6 giant cockroaches
  8 goblins
  9 hobgoblins
  4 jackals (D:3)
  13 kobolds
  A quokka (D:1)
  9 ball pythons
  8 bats
  A frilled lizard (D:2)
  5 rats
  3 ballistomycete spores
  A fire vortex (Volcano)
724 creatures vanquished.

Vanquished Creatures (collateral kills)
  A sea snake (Shoals:1)
  A harpy (Shoals:1)
  An orc sorcerer (Orc:1)
  2 cyclopes (D:14)
  2 rime drakes (Lair:5)
  A merfolk (Shoals:1)
  A blink frog (Lair:6)
  4 yaks
  4 wraiths (D:14)
  A hog (D:15)
  A water elemental (Shoals:1)
  A water moccasin (Lair:5)
  2 orc warriors (Orc:2)
  2 centaurs (D:15)
  A bullfrog (D:9)
  A kobold brigand (D:12)
  An orc priest (Orc:2)
  4 orcs (Orc:2)
  3 endoplasms (Lair:5)
  A bat (D:1)
  156 ballistomycete spores
191 creatures vanquished.

Vanquished Creatures (others)
  Kirke (D:15)
  A lindwurm (Volcano)
  An oklob plant (Lair:5)
  A slime creature (D:13)
  An orc warrior (Orc:2)
  An endoplasm (D:2)
  A ball python (D:2)
  11 ballistomycete spores
  A fire vortex (Volcano)
  76 fungi
  89 plants
184 creatures vanquished.

Grand Total: 1099 creatures vanquished

Notes
Turn   | Place    | Note
-------+----------+-------------------------------------------
     0 | D:1      | dolemite99 the Demonspawn Artificer began the quest for the
                  | Orb.
     0 | D:1      | Reached XP level 1. HP: 15/15 MP: 1/1
   165 | D:1      | Gained mutation: When seriously injured, your blood forms
                  | armour. (AC +9) [demonic ancestry]
   165 | D:1      | Reached XP level 2. HP: 21/21 MP: 2/2
   832 | D:1      | Reached XP level 3. HP: 20/26 MP: 3/3
  1223 | D:2      | Found Hiekez's Book Shoppe.
  1807 | D:2      | Identified the +6 mace of Karma {spect, Fly Str+4 Int-3}
  2155 | D:2      | Reached skill level 1 in Maces & Flails
  2164 | D:2      | Gained mutation: You regenerate magic rapidly. [demonic
                  | ancestry]
  2164 | D:2      | Reached XP level 4. HP: 19/32 MP: 4/4
  2412 | D:2      | Found a faded altar of an unknown god.
  2689 | D:3      | Reached skill level 2 in Maces & Flails
  2868 | D:3      | Gained mutation: Spells you cast may paralyse adjacent
                  | enemies. [demonic ancestry]
  2868 | D:3      | Reached XP level 5. HP: 27/37 MP: 5/5
  3007 | D:3      | Reached skill level 3 in Maces & Flails
  3625 | D:3      | Reached skill level 4 in Maces & Flails
  3690 | D:3      | Found a blossoming altar of Fedhas.
  3804 | D:3      | Became a worshipper of Fedhas Madash
  3935 | D:4      | Found a runed translucent gate.
  3935 | D:4      | Found a runed translucent gate.
  3935 | D:4      | Found a runed translucent gate.
  3959 | D:4      | Noticed chrisa4242's ghost (amateur GrMo)
  3972 | D:4      | Noticed a phantom
  3976 | D:4      | Killed a phantom
  3977 | D:4      | Reached XP level 6. HP: 43/43 MP: 6/6
  4272 | D:4      | Reached skill level 5 in Maces & Flails
  4583 | D:4      | Reached XP level 7. HP: 45/48 MP: 7/7
  4684 | D:4      | Noticed Ijyb
  4700 | D:4      | Killed Ijyb
  4701 | D:4      | Reached skill level 6 in Maces & Flails
  4701 | D:4      | Reached * piety under Fedhas
  5141 | D:5      | Entered Level 5 of the Dungeon
  5431 | D:5      | Reached skill level 7 in Maces & Flails
  5607 | D:5      | Noticed Prince Ribbit
  5611 | D:5      | Killed Prince Ribbit
  5612 | D:5      | Reached skill level 8 in Maces & Flails
  5612 | D:5      | Reached XP level 8. HP: 43/54 MP: 8/8
  5853 | D:5      | Noticed Grinder
  5859 | D:5      | Paralysed by Grinder for 2 turns
  5869 | D:5      | Killed Grinder
  5870 | D:5      | Reached skill level 9 in Maces & Flails
  6169 | D:5      | Noticed Menkaure
  6174 | D:5      | Killed Menkaure
  6214 | D:5      | Found a staircase to the Ecumenical Temple.
  6912 | D:6      | Reached skill level 10 in Maces & Flails
  7063 | D:6      | Gained mutation: When seriously injured, your blood forms
                  | thick armour. (AC +9) [demonic ancestry]
  7063 | D:6      | Reached XP level 9. HP: 50/59 MP: 9/9
  7145 | D:6      | Reached ** piety under Fedhas
  7974 | D:7      | Reached skill level 5 in Armour
  8113 | D:7      | Noticed Maggie
  8121 | D:7      | Killed Maggie
  8330 | D:7      | Identified a scroll of acquirement
  8330 | D:7      | Acquired a manual of Maces & Flails
  8523 | D:7      | Reached skill level 11 in Maces & Flails
  8720 | D:7      | Noticed Pikel
  8742 | D:7      | Killed Pikel
  8743 | D:7      | Reached skill level 12 in Maces & Flails
  8743 | D:7      | Gained mutation: When hurt, damage is shared between your
                  | health and your magic reserves. [demonic ancestry]
  8743 | D:7      | Reached XP level 10. HP: 11/65 MP: 10/10
  9317 | D:7      | Found a shimmering blue altar of Sif Muna.
  9391 | D:7      | Found the +7 Throatcutter {drain, coup de grace}
  9395 | D:7      | Noticed an orange demon
  9845 | D:7      | Noticed a sixfirhy
  9846 | D:7      | Reached skill level 13 in Maces & Flails
 10450 | D:8      | Reached skill level 14 in Maces & Flails
 10463 | D:8      | Reached *** piety under Fedhas
 10755 | D:8      | Reached skill level 15 in Maces & Flails
 10819 | D:8      | Found a shimmering altar of Xom.
 10819 | D:8      | Noticed valliere's ghost (novice HOMo)
 10819 | D:8      | Noticed a +3 mace of chaos
 10820 | D:8      | Found a runed translucent door.
 11284 | D:9      | Noticed HuGe's ghost (novice MiBe)
 11284 | D:9      | Noticed a cyclops
 11285 | D:9      | Noticed a cyclops
 11292 | D:9      | Found a runed translucent gate.
 11292 | D:9      | Found a runed translucent gate.
 11292 | D:9      | Found a runed translucent gate.
 11294 | D:9      | Found a staircase to the Orcish Mines.
 11409 | D:9      | Reached skill level 1 in Invocations
 11817 | D:9      | Reached XP level 11. HP: 70/77 MP: 10/13
 11850 | D:9      | Found a basalt altar of Yredelemnul.
 12040 | D:9      | Found a burning altar of Makhleb.
 12040 | D:9      | Found a shimmering altar of Xom.
 12076 | D:9      | Found a snail-covered altar of Cheibriados.
 12076 | D:9      | Found a hazy altar of Hepliaklqana.
 12213 | D:9      | Found an iron altar of Okawaru.
 12312 | D:9      | Reached **** piety under Fedhas
 12343 | D:9      | Reached skill level 5 in Fighting
 12355 | D:9      | Reached skill level 5 in Invocations
 12664 | D:9      | Noticed Amaemon
 12706 | D:9      | Killed Amaemon
 12714 | D:9      | Acquired the +10 ring mail of the Six Moons {rF+ rC+}
 13175 | D:9      | Noticed Grum
 13192 | D:9      | Killed Grum
 13813 | D:10     | Entered Level 10 of the Dungeon
 13905 | D:10     | Reached skill level 1 in Dodging
 14110 | D:10     | Found a stormy altar of Qazlal.
 15222 | D:11     | Noticed a two-headed ogre
 15233 | D:11     | Killed a two-headed ogre
 15821 | D:11     | Found a staircase to the Lair.
 15906 | D:12     | Reached skill level 5 in Evocations
 15957 | D:12     | Gained mutation: You have a small tail. [demonic ancestry]
 15957 | D:12     | Reached XP level 12. HP: 87/88 MP: 19/19
 16026 | D:12     | Reached ***** piety under Fedhas
 16347 | D:12     | Noticed a six-headed hydra
 16356 | D:12     | Killed a six-headed hydra
 16716 | D:12     | Noticed a boulder beetle
 16759 | D:12     | Killed a boulder beetle
 17494 | Lair:1   | Entered Level 1 of the Lair of Beasts
 17792 | Lair:1   | Found a dark tunnel.
 17804 | Volcano  | Entered a volcano
 18824 | Volcano  | Reached skill level 5 in Dodging
 19119 | Lair:1   | Found a burning altar of Makhleb.
 19953 | Lair:2   | Noticed Harold
 20715 | Lair:2   | Reached XP level 13. HP: 90/98 MP: 18/20
 20724 | Lair:2   | Killed Harold
 21490 | Lair:3   | Found a staircase to the Shoals.
 21866 | Lair:3   | Noticed Nergalle
 21875 | Lair:3   | Killed Nergalle
 22103 | Lair:3   | Reached skill level 10 in Invocations
 22180 | Lair:3   | Learned a level 3 spell: Dazzling Flash
 22283 | Lair:4   | Noticed Nessos
 22295 | Lair:4   | Killed Nessos
 22495 | Lair:4   | Reached skill level 1 in Ranged Weapons
 23590 | Lair:4   | Found a hole to the Spider Nest.
 24515 | Lair:5   | Found a staircase to the Slime Pits.
 25383 | Lair:5   | Reached XP level 14. HP: 69/108 MP: 23/23
 26472 | Lair:5   | Identified the +3 war axe of Intimidation {vamp, Int+5
                  | Dex+2}
 26738 | Lair:6   | Entered Level 6 of the Lair of Beasts
 26826 | Lair:6   | Reached skill level 1 in Axes
 26981 | Lair:6   | Reached skill level 5 in Axes
 27662 | Lair:6   | Identified the +7 chain mail "Seblich" {Str+4}
 29021 | Orc:1    | Entered Level 1 of the Orcish Mines
 29138 | D:13     | Reached skill level 1 in Throwing
 29250 | D:13     | Noticed Sonja
 30152 | Orc:2    | Entered Level 2 of the Orcish Mines
 30305 | Orc:2    | Noticed Rupert
 30324 | Orc:2    | Killed Rupert
 30382 | Orc:2    | Noticed an orc warlord
 30835 | Orc:2    | Killed an orc warlord
 30836 | Orc:2    | Gained mutation: You have a tail ending in a sharp stinger.
                  | [demonic ancestry]
 30836 | Orc:2    | Reached XP level 15. HP: 97/115 MP: 22/25
 31010 | Orc:2    | Found a staircase to the Elven Halls.
 31041 | Orc:2    | Reached skill level 10 in Fighting
 31298 | Orc:2    | Found Gid Lug's General Store.
 31739 | Orc:2    | Bought a scroll of teleportation for 45 gold pieces
 31739 | Orc:2    | Bought 2 potions of might for 120 gold pieces
 32512 | D:8      | Reached skill level 1 in Shields
 32519 | D:8      | Killed valliere's ghost
 33076 | Orc:2    | Found Wivat Pugri's General Store.
 33076 | Orc:2    | Found Cidduenik's Jewellery Emporium.
 33078 | Orc:2    | Found Niokirump's Antique Armour Shoppe.
 33078 | Orc:2    | Found Ranyt's Antique Weapon Shoppe.
 33085 | Orc:2    | Bought a pair of glowing boots for 172 gold pieces
 33314 | Orc:2    | Bought a scroll of blinking for 97 gold pieces
 33314 | Orc:2    | Bought a potion of cancellation for 104 gold pieces
 33315 | Orc:2    | Bought a ring of poison resistance for 360 gold pieces
 33317 | Orc:2    | Bought a ring of willpower for 450 gold pieces
 33360 | Orc:2    | Bought a scroll of identify for 26 gold pieces
 33360 | Orc:2    | Bought a +4 ring of evasion for 468 gold pieces
 33592 | D:13     | Killed Sonja
 34191 | D:13     | Reached skill level 1 in Hexes
 34278 | D:13     | Reached skill level 1 in Conjurations
 34399 | D:13     | Found a gate to the Vaults.
 34790 | D:14     | Found a broken altar of Ashenzari.
 34962 | D:14     | Noticed Josephine
 34968 | D:14     | Killed Josephine
 35753 | D:15     | Entered Level 15 of the Dungeon
 35759 | D:15     | Noticed Kirke
 35765 | D:15     | Reached skill level 5 in Hexes
 35776 | D:15     | Killed Kirke
 36305 | D:15     | Found a gate leading to a gauntlet.
 36614 | D:15     | Found a staircase to the Depths.
 37015 | D:15     | Found a sparkling altar of Nemelex Xobeh.
 37015 | D:15     | Noticed Jessica
 37021 | D:15     | Killed Jessica
 37097 | D:15     | Gained mutation: Spells you cast may paralyse nearby
                  | enemies. [demonic ancestry]
 37097 | D:15     | Reached XP level 16. HP: 111/123 MP: 23/26
 37718 | Shoals:1 | Entered Level 1 of the Shoals
 37753 | Shoals:1 | Reached skill level 5 in Conjurations
 37761 | Shoals:1 | Reached skill level 1 in Spellcasting
 37772 | Shoals:1 | Killed by an exploding ballistomycete spore

Illustrated notes

Levels and vault maps discovered:
D:1:      lightli_arrival_chessboard, layout_basic
D:2:      layout_loops_ring, serial_shops, shop,
          hellmonk_ecumenical_altar_defaced_shrine, guppyfry_early_orc_mine
D:3:      layout_rooms, fedhas_altar_4
D:4:      minmay_general_purpose_star, layout_loops_ring, gammafunk_ghost_split,
          uniq_ijyb
D:5:      layout_loops_ring, minmay_temple_entry_glassed_door, serial_rivers,
          chequers_serial_rivers_small_b, chequers_serial_rivers_micro_b,
          chequers_serial_rivers_small_a, chequers_serial_rivers_marsh,
          chequers_serial_rivers_small_3, chequers_serial_rivers_room_a,
          uniq_prince_ribbit1, uniq_menkaure, uniq_grinder
D:6:      layout_gridville, grunt_ministairs_11
D:7:      layout_basic, lemuel_blue_sif_altar, dilly_guarded_unrand_throatcut,
          uniq_maggie, uniq_pikel
D:8:      layout_loops_ring, ebering_ghost_xom
D:9:      layout_layer_cave, grunt_temple_overflow_champion_of_chaos,
          gammafunk_temple_overflow_pools, kennysheep_mini,
          overflow_temple_1_default, orc_0_dummy, gammafunk_ghost_split,
          minmay_increasing_density, uniq_grum, uniq_amaemon
D:10:     layout_long_grid, mainiacjoe_overflow_alcove_1,
          nicolae_elyvilon_temple_path, david_defended_altar_orc
D:11:     layout_big_octagon, grunt_lair_entry_orc_guard_hut,
          chequers_serial_rivers_micro_e, serial_bayou_lake_a
D:12:     layout_basic, minmay_misc_feat_cross, grunt_decor_mini_mirrors
D:13:     layout_rooms, erik_vaults_2, minivault_21, uniq_sonja
D:14:     layout_long_grid, ashenzari_altar_1, uniq_josephine
D:15:     hangedman_depths_entry_try_elsewhere_first, layout_basic,
          gauntlet_entry_generic, columned_hall_lemuel, hex_medium,
          hangedman_decor_slide_cut, nemelex_lonely_heart_becter, uniq_kirke
Lair:1:   layout_hall_layers, basic_altar, nicolae_volcano_entry_lava_flow,
          st_stairs_3
Lair:2:   layout_loops_ring, grunt_megastairs_5, uniq_harold
Lair:3:   layout_loops_ring, minmay_shoals_entry_hut, uniq_nergalle
Lair:4:   layout_long_grid, spider_nest_entry_webs, lemuel_fruit_tree,
          uniq_nessos
Lair:5:   lemuel_slime, layout_gridlike, slime_entry_1,
          infiniplex_staircase_pool
Lair:6:   evilmike_catoblepas_cave, layout_gridlike
Shoals:1: layout_shoals, nicolae_shoals_hidden_pirate_stash
Orc:1:    layout_diamond_mine
Orc:2:    st_orc_congregation, layout_caves, serial_shops, shop, uniq_rupert

Skill      XL: |  1  2  3  4  5  6  7  8  9 10 11 12 13 14 15 16 |
---------------+-------------------------------------------------+-----
Evocations     | 4 5 9 |  9.7
Maces & Flails | 1 2 4 5 8 10 12 15 | 15.3
Armour         | 5 7 8 |  8.9
Fighting       | 4 6 7 9 10 | 10.4
Invocations    | 3 9 13 14 | 14.1
Dodging        | 4 6 7 |  7.3
Ranged Weapons | 2 |  2.5
Axes           | 8 |  8.5
Throwing       | 3 4 |  4.0
Shields        | 4 |  4.0
Hexes          | 7 8 |  8.5
Conjurations   | 4 5 |  5.0
Spellcasting   | 2 |  2.5
Stealth        | |  0.8

Action                   |  1- 3 |  4- 6 |  7- 9 | 10-12 | 13-15 | 16-18 || total
-------------------------+-------+-------+-------+-------+-------+-------++-------
Melee: Club              |    58 |       |       |       |       |       ||    58
       Short sword       |    36 |       |       |       |       |       ||    36
       Mace              |    12 |    87 |   170 |   362 |   252 |       ||   883
       Morningstar       |       |       |       |   128 |    78 |       ||   206
       Tailslap          |       |       |       |    42 |   273 |    11 ||   326
       Unarmed           |       |       |       |       |    11 |       ||    11
       Punch             |       |       |       |       |    10 |       ||    10
       War axe           |       |       |       |       |   630 |    42 ||   672
       Demon whip        |       |       |       |       |   182 |     2 ||   184
 Fire: Longbow           |       |       |       |       |     7 |       ||     7
       Arbalest          |       |       |       |       |     1 |       ||     1
Throw: Javelin           |       |       |     6 |    17 |    12 |     1 ||    36
       Boomerang         |       |       |     4 |       |       |       ||     4
       Dart              |       |       |       |   131 |   345 |     1 ||   477
Invok: Wall of Briars    |       |       |       |     7 |    27 |     1 ||    35
       Grow Ballistomyce |       |       |       |     6 |    33 |     4 ||    43
       Overgrow          |       |       |       |     1 |       |       ||     1
Evoke: Wand              |    21 |       |     6 |    43 |    52 |       ||   122
       Lightning rod     |       |       |       |    10 |    29 |       ||    39
       Tin of tremorston |       |       |       |       |     8 |       ||     8
  Use: Scroll            |     4 |     3 |     4 |    19 |    18 |     1 ||    49
       Potion            |       |     1 |     3 |    10 |    14 |     1 ||    29
 Stab: Sleeping          |     2 |     1 |       |       |       |       ||     3
       Distracted        |       |       |     1 |     9 |     5 |       ||    15
       Invisible         |       |       |       |     1 |     3 |       ||     4
       Paralysed         |       |       |       |       |     8 |       ||     8
       Confused          |       |       |       |       |     3 |       ||     3
       Petrified         |       |       |       |       |     1 |       ||     1
Armor: Leather armour    |    54 |    23 |       |       |       |       ||    77
       Chain mail        |       |    23 |    43 |       |       |       ||    66
       Swamp dragon scal |       |       |     8 |    79 |       |       ||    87
       Ring mail         |       |       |       |    91 |   530 |    24 ||   645
Dodge: Dodged            |    86 |    75 |    79 |   273 |   937 |    92 ||  1542
Block: Buckler           |       |       |       |       |   105 |    14 ||   119

Table legend: (Time is in decaauts)
 A = Elapsed time spent in this place.
 B = Non-inter-level travel time spent in this place.
 C = Inter-level travel time spent in this place.
 D = Time resting spent in this place.
 E = Time spent auto-exploring this place.
 F = Levels seen in this place.
 G = Mean time per level.
                   A        B        C        D        E       F      G
               +--------+--------+--------+--------+--------+-----+--------+
         Total |  37403 |  35293 |   2110 |  11358 |  16891 |  25 | 1496.1 |
       Dungeon |  22409 |  21182 |   1227 |   6065 |  11230 |  15 | 1493.9 |
          Lair |  10168 |   9547 |    621 |   3255 |   4344 |   6 | 1694.7 |
        Shoals |     53 |     53 |      0 |      0 |      0 |   1 |   53.0 |
  Orcish Mines |   3540 |   3280 |    260 |   1259 |   1113 |   2 | 1770.0 |
       Volcano |   1230 |   1230 |      0 |    778 |    203 |   1 | 1230.0 |
               +--------+--------+--------+--------+--------+-----+--------+

Top non-repeatable levels by time:
     D:7: 2884 daAuts
     D:9: 2714 daAuts
  Lair:4: 2487 daAuts
   Orc:2: 2330 daAuts
  Lair:5: 2106 daAuts
  Lair:6: 2026 daAuts
    D:12: 1883 daAuts
     D:2: 1805 daAuts
  Lair:1: 1671 daAuts
    D:15: 1647 daAuts
     D:5: 1428 daAuts
    D:10: 1379 daAuts
     D:4: 1250 daAuts
 Volcano: 1230 daAuts
   Orc:1: 1210 daAuts
